 Dungeon Crawl Stone Soup version 0.17-a0-1464-g59a308b (webtiles) character file.

823 Malachi the Skirmisher (level 7, -3/78 HPs)
             Began as an Ogre Berserker on July 1, 2015.
             Was an Elder of Trog.
             Slain by a centaur skeleton (4 damage)
             ... on level 5 of the Dungeon.
             The game lasted 00:09:11 (5832 turns).

Malachi the Skirmisher (Ogre Berserker)             Turns: 5832, Time: 00:09:11

Health: -3/78      AC:  3    Str: 30    XL:     7   Next: 96%
Magic:  7/7        EV: 11    Int:  6    God:    Trog [****..]
Gold:   179        SH:  0    Dex:  9    Spells: 0 memorised, 6 levels left

rFire  . . .     SeeInvis .     a - +0 mace
rCold  . . .     Clarity  .     b - +0 animal skin
rNeg   . . .     SustAt   .     (no shield)
rPois  .         Gourm    .     (helmet restricted)
rElec  .         Spirit   .     (no cloak)
rCorr  .         Warding  .     (gloves unavailable)
rMut   .         Stasis   .     (boots unavailable)
MR     .....                    (no amulet)
Stlth  +.........               (no ring)
                                (no ring)

@: mighty, exhausted, slowed, very slow, not resistant to hostile enchantments,
very unstealthy
A: unfitting armour, tough skin 1
a: Burn Spellbooks, Berserk, Trog's Hand, Brothers in Arms, Renounce Religion


You were on level 5 of the Dungeon.
You worshipped Trog.
Trog was greatly pleased with you.
You were not hungry.

You visited 1 branch of the dungeon, and saw 5 of its levels.

You collected 179 gold pieces.

Inventory:

Hand weapons
 a - a +0 mace (weapon)
 u - a +2 war axe of freezing
Armour
 b - a +0 animal skin (worn)
Jewellery
 w - an uncursed ring of wizardry {unknown}
Magical devices
 k - a wand of slowing (19)
Scrolls
 d - 2 scrolls of fog {unknown}
 f - 3 scrolls of enchant armour {unknown}
 g - 2 scrolls of enchant weapon {unknown}
 h - 3 scrolls of remove curse {unknown}
 n - 2 scrolls of identify {unknown}
 o - 2 scrolls of teleportation {unknown}
 p - 3 scrolls of immolation {unknown}
 t - a scroll of random uselessness {unknown}
 y - a scroll of amnesia {unknown}
 z - a scroll of noise {unknown}
Potions
 e - a potion of mutation {unknown}
 i - a potion of might
 j - a potion of invisibility {unknown}
 m - 4 potions of curing {unknown}
 r - 3 potions of degeneration {unknown}
 s - a potion of magic {unknown}
 A - a potion of heal wounds {unknown}
Books
 v - a book of the Earth

   Spells                             Type                      Level
   a - Leda's Liquefaction            Hexes/Earth                  4
   b - Bolt of Magma                  Conjuration/Fire/Earth       5
   c - Statue Form                    Transmutation/Earth          6
   d - Iron Shot                      Conjuration/Earth            6
   e - Shatter                        Earth                        9
   Trog disapproves of the use of such an item.
Comestibles
 c - 8 bread rations
 l - 2 meat rations
 q - a slice of pizza
 x - a chunk of flesh


   Skills:
 + Level 7.2 Fighting
 + Level 6.1 Maces & Flails
 + Level 6.1 Dodging
 + Level 1.4 Stealth


You had 6 spell levels left.
You didn't know any spells.

Dungeon Overview and Level Annotations

Branches:
Dungeon (5/15)
 Temple: D:4-7

Altars:
Ashenzari
Vehumet
Xom
Yredelemnul

Shops:
D:4 %


Innate Abilities, Weirdness & Mutations

You are too large for most types of armour.
You have tough skin (AC +1).


Message History

A centaur skeleton is nearby!
A centaur skeleton is nearby!
The centaur skeleton hits you.
* * * LOW HITPOINT WARNING * * *
The centaur skeleton barely misses you.
You sock the centaur skeleton! The centaur skeleton hits you.
* * * LOW HITPOINT WARNING * * *
The centaur skeleton closely misses you.
You thump the centaur skeleton!
The centaur skeleton closely misses you.
The centaur skeleton hits you!
* * * LOW HITPOINT WARNING * * *
You hit the centaur skeleton. The centaur skeleton hits you.
* * * LOW HITPOINT WARNING * * *
The centaur skeleton barely misses you.
Drink which item? (? for menu, Esc to quit)
It was a potion of might.
You feel very mighty all of a sudden. The centaur skeleton hits you.
You die...

...........#...(....#.........
......####).÷....#..#.#.###.##
###.# #...###.#..#.#...#.#. ..
#()[..#.#..#.###.#.#. #
#.#.(..(...#.....#.#.
#.#...###..#.#####.#.
#.#.÷....)...........
#.##..######.#######.
#..Z@........# #.
#####..#####.# #. #..# #.# #.
#...# #.# ## #..# #.. ..# #..
#.# #.. ..


You could see a centaur skeleton.

Vanquished Creatures
  3 centaurs (D:5)
  3 hounds
  An orc priest (D:4)
  An orc wizard (D:4)
  Terence (D:2)
  2 iguanas
  3 worker ants
  11 adders
  5 river rats
  3 oozes
  4 worms
  7 giant geckos
  3 orcs (D:4)
  3 ball pythons (D:1)
  7 bats
  6 giant cockroaches
  6 hobgoblins
  15 kobolds
  4 quokkas
  A giant gecko skeleton (D:4)
  7 giant newts
  5 goblins
  12 jackals
  12 rats
125 creatures vanquished.

Notes
Turn   | Place    | Note
--------------------------------------------------------------
     0 | D:1      | Malachi the Ogre Berserker began the quest for the Orb.
     0 | D:1      | Reached XP level 1. HP: 24/24 MP: 1/1
   130 | D:1      | Reached XP level 2. HP: 32/32 MP: 2/2
   488 | D:1      | Reached XP level 3. HP: 14/40 MP: 3/3
   917 | D:1      | Acquired Trog's second power
  1337 | D:2      | Reached skill level 5 in Fighting
  1337 | D:2      | Reached XP level 4. HP: 13/50 MP: 4/4
  2021 | D:2      | Found a shimmering altar of Xom.
  2554 | D:2      | Reached XP level 5. HP: 55/57 MP: 5/5
  2555 | D:2      | Found a basalt altar of Yredelemnul.
  2561 | D:2      | Found a shattered altar of Ashenzari.
  2565 | D:2      | Found a radiant altar of Vehumet.
  2694 | D:2      | Noticed Terence
  2717 | D:2      | Killed Terence
  4004 | D:4      | Reached skill level 6 in Fighting
  4004 | D:4      | Reached skill level 1 in Stealth
  4004 | D:4      | Reached XP level 6. HP: 48/67 MP: 6/6
  4707 | D:4      | Acquired Trog's third power
  4713 | D:4      | Reached skill level 5 in Dodging
  4721 | D:4      | Found Rowiun's Food Shoppe.
  4852 | D:4      | Reached XP level 7. HP: 62/76 MP: 7/7
  4914 | D:4      | Reached skill level 5 in Maces & Flails
  4993 | D:5      | Entered Level 5 of the Dungeon
  5535 | D:5      | Reached skill level 7 in Fighting
  5830 | D:5      | HP: 3/78 [centaur skeleton (7)]
  5831 | D:5      | HP: 1/78 [centaur skeleton (2)]
  5832 | D:5      | Slain by a centaur skeleton

Vault maps used:
D:1:      lemuel_arrival_funnel
D:2:      wad_woods_stonehenge, minmay_overflow_temple_star_quad, uniq_terence
D:3:      minmay_misc_feat_plants
D:4:      gup_sewer_entry_spiral, serial_shops, shop
D:5:      grunt_temple_overflow_opulence, temple_doors_d, first_bread,
          fedhas_bush_and_centaur_altar

Action                   |  1- 3 |  4- 6 |  7- 9 || total
-------------------------+-------+-------+-------++-------
Melee: Mace              |   123 |   287 |    86 ||   496
Invok: Berserk           |     1 |     3 |     4 ||     8
  Use: Potion            |       |       |     1 ||     1
 Stab: Sleeping          |       |     3 |       ||     3
  Eat: Chunk             |     2 |    15 |     3 ||    20
       Bread ration      |       |       |     1 ||     1
